 Dungeon Crawl Stone Soup version 0.31-a0-845-g9abc20d24f (webtiles) character file.

Game seed: 17158558177526538095

1607 Kurtz the Cleaver (level 8, 0/52 HPs)
             Began as an Octopode Fighter on Oct 2, 2023.
             Was an Initiate of Gozag.
             Succumbed to a kobold brigand's curare-tipped dart
             ... in a bailey.
             The game lasted 00:04:37 (4742 turns).

Kurtz the Cleaver (Octopode Fighter)                Turns: 4742, Time: 00:04:38

Health: 0/52       AC:  1    Str: 16    XL:     8   Next: 95%
Magic:  8/8        EV: 13    Int: 10    God:    Gozag
Gold:   292        SH:  4    Dex: 13    Spells: 7/7 levels left

rFire   . . .        c - +1 flail (protect)
rCold   . . .        b - +0 buckler
rNeg    . . .        (helmet restricted)
rPois   .            (no amulet)
rElec   .            (no ring)
rCorr   .            (no ring)
SInv    .            (no ring)
Will    .....        (no ring)
Stlth   ++           (no ring)
HPRegen 0.28/turn    (no ring)
MPRegen 0.11/turn    (no ring)
                     (no ring)

%: no passive effects
@: lethally poisoned (0 -> -19), slowed, very slow
A: almost no armour, amphibious, 8 rings, camouflage 1, gelatinous body 1,
(nimble swimmer 1), tentacles
a: Renounce Religion, Potion Petition, Call Merchant, Bribe Branch


You were in a bailey.
You worshipped Gozag.
Gozag was aware of your devotion.
You visited 1 branch of the dungeon, and saw 6 of its levels.
You also visited: Bailey.

You collected 445 gold pieces.
You spent 104 gold pieces at shops.
You paid 49 gold pieces to Gozag.

Inventory:

Hand Weapons
 a - a +0 war axe
 c - a +1 flail of protection (weapon)
 r - a +1 whip of freezing
Missiles
 g - 12 boomerangs
 q - 12 poisoned darts (quivered)
Armour
 b - a +0 buckler (worn)
Scrolls
 d - a scroll of poison
 f - 2 scrolls of revelation
 h - 4 scrolls of teleportation {unknown}
 k - a scroll of enchant weapon
 n - a scroll of noise {unknown}
 o - 3 scrolls of silence
 t - a scroll of amnesia {unknown}
Potions
 e - a potion of magic
 j - a potion of brilliance


   Skills:
 - Level 3.0 Fighting
 * Level 11.1 Axes
 - Level 3.0 Dodging
 - Level 3.0 Shields


You had 7 spell levels left.
You didn't know any spells.
Your spell library contained the following spells:

 Spells                   Type           Power      Damage    Failure   Level
 Sandblast                Erth           0%         2d4       43%         1
 Passwall                 Tmut/Erth      0%         N/A       58%         2
 Stone Arrow              Conj/Erth      0%         3d7       82%         3
 Brom's Barrelling Bould  Conj/Erth      0%         2d3       99%         4


Dungeon Overview and Level Annotations

Branches:
Dungeon (7/15)             Bailey (1/1)
 Temple: D:4-7

Altars:
Gozag
Ru

Shops:
D:4 ?

Annotations:
D:7 Dowan, Duvessa


Innate Abilities, Weirdness & Mutations

You cannot wear most types of armour.
You are amphibious.
You can wear up to eight rings at the same time.
Your skin changes colour to match your surroundings (Stealth+).
Your rubbery body absorbs attacks. (AC +1, EV +1)
((You are camouflaged when in or above water. (Stealth+)))
You have tentacles for arms and can constrict up to eight enemies at once.


Message History

The kobold brigand is lightly wounded.
You constrict the kobold brigand, but do no damage.
The kobold brigand hits you with a +0 war axe.
You hit the kobold brigand. You squeeze the kobold brigand.
The kobold brigand is moderately wounded.
You constrict the kobold brigand. The kobold brigand closely misses you.
Throw: 13 darts (poison)
Press: ? - help, Q - select action, (/) - cycle Shift-Dir - straight line, f - orc warrior
Aim: an orc warrior, wielding a +0 war axe, wearing a +0 plate armour and quivering stones (54% to hit)
You throw a poisoned dart.
The poisoned dart barely misses the orc warrior.
You constrict the kobold brigand. The kobold brigand barely misses you.
The orc warrior throws a stone.
The stone barely misses you.
You barely miss the kobold brigand.
You squeeze the kobold brigand, but do no damage.
The kobold brigand is heavily wounded.
You constrict the kobold brigand.
The kobold brigand hits you with a +0 war axe!
You completely miss the kobold brigand.
You squeeze the kobold brigand, but do no damage.
The kobold brigand is severely wounded.
You constrict the kobold brigand. The kobold brigand barely misses you.
The orc warrior hits you with a +0 war axe!
* * * LOW HITPOINT WARNING * * *
Unknown command.
Okay, then.
Okay, then.
You release your grip on the kobold brigand.
The kobold brigand attacks as it pursues you!
The kobold brigand closely misses you.
The kobold brigand throws a curare-tipped dart.
The curare-tipped dart hits you.
You are lethally poisoned!
You have difficulty breathing.
* * * LOW HITPOINT WARNING * * *
You feel yourself slow down.
The orc warrior attacks as it pursues you!
The orc warrior barely misses you.
You die...
Your body crumbles into a pile of gold.

#...# ####...####
##~.......~##
#####~~.......~~##
#....)~....(..~~..
#.###)~.......~~###
#....~~.......~~..
#.###~~.......~~###
#....~~.@..(..~~...
#.###~~.......~~###
#....~~..o....~~...
#.###~~....K..~~##
#....~~.......~~...
#####~~.......~~###
##~.......~##
####'''#### ..(..#


You could see an orc warrior and a kobold brigand.

Vanquished Creatures
  Pikel (D:4)
  A water moccasin (D:5)
  2 orc warriors (Bailey)
  A phantom (D:5)
  A lemure (D:4)
  4 kobold brigands (Bailey)
  A bullfrog (D:7)
  2 scorpions
  2 hounds
  An orc priest (D:4)
  An orc wizard (D:4)
  8 adders
  5 gnolls
  A white imp (D:4)
  7 dart slugs
  9 orcs
  2 bats
  7 endoplasms
  A giant cockroach (D:1)
  4 hobgoblins
  4 jackals
  15 kobolds
  4 quokkas
  5 ball pythons (D:3)
  3 frilled lizards
  10 goblins
  2 rats
104 creatures vanquished.

Notes
Turn   | Place    | Note
-------+----------+-------------------------------------------
     0 | D:1      | Kurtz the Octopode Fighter began the quest for the Orb.
     0 | D:1      | Reached XP level 1. HP: 16/16 MP: 1/1
    68 | D:1      | Found a faded altar of an unknown god.
   100 | D:1      | Reached XP level 2. HP: 8/21 MP: 2/2
   359 | D:1      | Reached skill level 3 in Axes
  1198 | D:2      | Reached XP level 3. HP: 23/26 MP: 3/3
  1340 | D:2      | Reached skill level 4 in Axes
  1341 | D:2      | Reached XP level 4. HP: 17/31 MP: 4/4
  2088 | D:3      | Reached skill level 5 in Axes
  2106 | D:3      | Reached XP level 5. HP: 36/36 MP: 5/5
  2623 | D:4      | Found Raeggoits's Magic Scroll Shoppe.
  2629 | D:4      | Bought a scroll of revelation for 82 gold pieces
  2629 | D:4      | Bought a scroll of identify for 22 gold pieces
  2737 | D:4      | Found an opulent altar of Gozag.
  2943 | D:4      | Found a sacrificial altar of Ru.
  2952 | D:4      | Reached skill level 6 in Axes
  2952 | D:4      | Reached XP level 6. HP: 25/42 MP: 6/6
  3074 | D:4      | Became a worshipper of Gozag Ym Sagoz the Greedy
  3510 | D:4      | Noticed Pikel
  3519 | D:4      | Killed Pikel
  3520 | D:4      | Reached skill level 8 in Axes
  3520 | D:4      | Reached XP level 7. HP: 36/46 MP: 7/7
  4031 | D:5      | Entered Level 5 of the Dungeon
  4076 | D:5      | Reached skill level 9 in Axes
  4076 | D:5      | Reached XP level 8. HP: 52/52 MP: 8/8
  4245 | D:5      | You fall into a shaft and drop 2 floors!
  4246 | D:7      | Noticed Duvessa
  4246 | D:7      | Noticed Dowan
  4272 | D:7      | Found a flagged portal.
  4292 | Bailey   | Entered a bailey
  4355 | Bailey   | Reached skill level 10 in Axes
  4703 | Bailey   | Reached skill level 11 in Axes
  4742 | Bailey   | Succumbed to a kobold brigand's curare-tipped dart

Illustrated notes

Levels and vault maps discovered:
D:1:      dpeg_arrival_arbitrary_a, layout_basic,
          shapermc_ecumenical_altar_acropolis
D:2:      layout_basic
D:3:      layout_basic, hangedman_decor_riveting
D:4:      layout_layer_cave, kennysheep_mini, mainiacjoe_overflow_paths,
          serial_shops, nicolae_shop_just_a_little_nook, minmay_puff, uniq_pikel
D:5:      layout_loops_cross, minmay_temple_entry_glass, minmay_diced_spiral
D:7:      layout_loops_ring, gammafunk_temple_overflow_claw,
          overflow_temple_1_default, enter_bailey_5, minmay_fire_ice_demons,
          uniq_crazy_yiuf_cottage, uniq_duvessa
Bailey:   bailey_axe_3, bailey

Skill      XL: |  1  2  3  4  5  6  7  8 |
---------------+-------------------------+-----
Axes           | 3 4 5 6 8 9 11 | 11.1
Fighting       | |  3.0
Dodging        | |  3.0
Shields        | |  3.0

Action                     |  1- 3 |  4- 6 |  7- 9 || total
---------------------------+-------+-------+-------++-------
  Melee: War axe           |    39 |     3 |    10 ||    52
         Constrict         |    12 |    23 |    19 ||    54
         Tentacles         |     8 |    21 |    21 ||    50
         Punch             |     1 |     1 |     3 ||     5
         Flail             |       |    98 |    65 ||   163
  Throw: Dart              |       |       |     6 ||     6
         Throwing net      |       |       |     2 ||     2
  Evoke: Wand              |       |       |     2 ||     2
    Use: Potion            |     1 |       |     5 ||     6
         Scroll            |       |     5 |     1 ||     6
   Stab: Sleeping          |     5 |    13 |     1 ||    19
         Distracted        |       |     1 |       ||     1
         Held in net/web   |       |       |     2 ||     2
 Armour: Skin              |    19 |    37 |    36 ||    92
  Dodge: Dodged            |    16 |    52 |    51 ||   119
  Block: Buckler           |     4 |    17 |    21 ||    42

Table legend: (Time is in decaauts)
 A = Elapsed time spent in this place.
 B = Non-inter-level travel time spent in this place.
 C = Inter-level travel time spent in this place.
 D = Time resting spent in this place.
 E = Time spent auto-exploring this place.
 F = Levels seen in this place.
 G = Mean time per level.
                   A        B        C        D        E       F      G
               +--------+--------+--------+--------+--------+-----+--------+
         Total |   4771 |   4546 |    225 |    545 |   3267 |   7 |  681.6 |
       Dungeon |   4336 |   4111 |    225 |    279 |   3236 |   6 |  722.7 |
        Bailey |    434 |    434 |      0 |    266 |     31 |   1 |  434.0 |
               +--------+--------+--------+--------+--------+-----+--------+

Top non-repeatable levels by time:
     D:4: 1573 daAuts
     D:1: 1137 daAuts
     D:3: 683 daAuts
     D:2: 677 daAuts
  Bailey: 434 daAuts
     D:5: 216 daAuts
     D:7: 47 daAuts
